 Dungeon Crawl Stone Soup version 0.25.1-2-g60ff931df9 (webtiles) character file.

Game seed: 16533220284582749918

354 Curus the Cudgeler (level 6, -8/51 HPs)
             Began as a Hill Orc Fighter on Sept 1, 2020.
             Was an Initiate of Makhleb.
             Killed by divine providence
             ... invoked by an orc priest
              (11 damage)
             ... on level 3 of the Dungeon.
             The game lasted 00:11:58 (2025 turns).

Curus the Cudgeler (Hill Orc Fighter)               Turns: 2025, Time: 00:11:59

Health: -8/51      AC: 12    Str: 19    XL:     6   Next: 62%
Magic:  6/6        EV:  5    Int:  8    God:    Makhleb [......]
Gold:   115        SH: 10    Dex: 12    Spells: 5/5 levels left

rFire    . . .     SeeInvis .   a - +1 flail
rCold    + . .     Gourm    .   c - +1 kite shield
rNeg     + . .     Faith    .   j - +0 chain mail
rPois    .         Spirit   .   (no helmet)
rElec    .         Reflect  .   h - +2 cloak {rCorr}
rCorr    +         Harm     .   (no gloves)
MR       .....                  (no boots)
Stlth    ..........             (no amulet)
HPRegen  0.17/turn              e - ring of protection from cold (curse)
MPRegen  0.10/turn              k - ring of positive energy

@: lethally poisoned (-8 -> -10)
A: no striking features
a: Renounce Religion, Convert to Beogh


You were on level 3 of the Dungeon.
You worshipped Makhleb.
Makhleb was noncommittal.
You were not hungry.

You visited 1 branch of the dungeon, and saw 4 of its levels.

You collected 115 gold pieces.

Inventory:

Hand Weapons
 a - a +1 flail (weapon)
Armour
 b - a +0 scale mail
 c - a +1 kite shield (worn)
 h - a +2 cloak of preservation (worn)
 j - a +0 chain mail (worn)
Jewellery
 e - a cursed ring of protection from cold (left hand)
 k - a ring of positive energy (right hand)
 l - an uncursed ring of resist corrosion
Potions
 i - a potion of stabbing
Comestibles
 f - 6 rations


   Skills:
 - Level 3.6 Fighting
 + Level 7.5 Maces & Flails
 - Level 3.2 Armour
 - Level 3.2 Shields


You had 5 spell levels left.
You didn't know any spells.
Your spell library was empty.

Dungeon Overview and Level Annotations

Branches:
Dungeon (4/15)
 Temple: D:4-7

Altars:
Dithmenos
Makhleb
Wu Jian
Zin

Annotations:
D:3 1 runed translucent door, Crazy Yiuf


Message History

* * * LOW HITPOINT WARNING * * *
Found a ration.
There is a stone staircase leading up here.
Something hits you but does no damage. The adder bites you.
* * * LOW HITPOINT WARNING * * *
You are poisoned.
The adder poisons you!
The orc priest shouts, "Join the one true god or die!"
You climb upwards.
Level annotation: 1 runed translucent door, Crazy Yiuf Reactivating autopickup.
* * * LOW HITPOINT WARNING * * *
You feel sick.
Found 12 stones.
There is a stone staircase leading down here.
* * * LOW HITPOINT WARNING * * *
You feel sick.
The orc priest invokes the aid of Beogh against you.
Beogh smites you!
You die...

### ....### #..(.##
#.....######## ###
#.{>@....... ..# .
#..o######## #.# #
###.##############.#
#
#.............##.##
# #.#
.#####......... ##
..# #.##.##.#.
.###.. .##
#.##...... ...... .
#.#####... .# #.#
####


You could see an orc priest.

Vanquished Creatures
  Grinder (D:3)
  Jessica (D:2)
  Terence (D:2)
  An orc wizard (D:3)
  An adder (D:2)
  3 worms (D:2)
  A leopard gecko (D:1)
  2 orcs (D:3)
  7 giant cockroaches
  4 goblins
  6 hobgoblins
  4 jackals (D:1)
  7 kobolds
  2 quokkas (D:2)
  8 bats
  2 frilled lizards
  A quokka skeleton (D:2)
  4 rats
56 creatures vanquished.

Notes
Turn   | Place    | Note
-------+----------+-------------------------------------------
     0 | D:1      | Curus the Hill Orc Fighter began the quest for the Orb.
     0 | D:1      | Reached XP level 1. HP: 19/19 MP: 1/1
    81 | D:1      | Reached XP level 2. HP: 26/26 MP: 2/2
    89 | D:1      | Reached skill level 3 in Maces & Flails
   377 | D:1      | Found a glowing silver altar of Zin.
   644 | D:1      | Reached XP level 3. HP: 31/31 MP: 3/3
   731 | D:2      | Reached skill level 4 in Maces & Flails
  1068 | D:2      | Reached XP level 4. HP: 39/39 MP: 4/4
  1164 | D:2      | Noticed Terence
  1177 | D:2      | Killed Terence
  1177 | D:2      | Reached skill level 5 in Maces & Flails
  1361 | D:2      | Noticed Jessica
  1369 | D:2      | Killed Jessica
  1369 | D:2      | Reached XP level 5. HP: 39/45 MP: 5/5
  1717 | D:3      | Found a shadowy altar of Dithmenos.
  1717 | D:3      | Found a burning altar of Makhleb.
  1720 | D:3      | Became a worshipper of Makhleb the Destroyer
  1818 | D:3      | Found an ornate altar of the Wu Jian Council.
  1885 | D:3      | Noticed Grinder
  1899 | D:3      | Killed Grinder
  1899 | D:3      | Reached skill level 7 in Maces & Flails
  1899 | D:3      | Reached XP level 6. HP: 51/51 MP: 6/6
  1933 | D:3      | Found a runed translucent door.
  1934 | D:3      | Noticed Crazy Yiuf
  2008 | D:3      | You fall into a shaft and drop 1 floor!
  2025 | D:3      | Killed from afar by an orc priest

Illustrated notes

Levels and vault maps discovered:
D:1:      elethiomel_arrival_infinity_welcomes_careful_drivers, layout_basic,
          minmay_hexomino_r4
D:2:      layout_basic, first_ration, hex_medium, uniq_jessica, uniq_terence
D:3:      layout_loops_ring, lemuel_doored_altar,
          gammafunk_temple_overflow_elements, grunt_temple_overflow_holy_war,
          minmay_quantized, uniq_grinder, uniq_sigmund, uniq_crazy_yiuf_cottage
D:4:      layout_cave_pools, grunt_temple_overflow_open,
          gammafunk_temple_overflow_pools, serial_shops, nicolae_shop_crystal,
          hex_large, minmay_mini_ossuary, uniq_ijyb, uniq_pikel, uniq_eustachio

Skill      XL: |  1  2  3  4  5 |
---------------+----------------+-----
Maces & Flails | 3 4 5 7 |  7.5
Fighting       | |  3.6
Armour         | |  3.2
Shields        | |  3.2

Action                   |  1- 3 |  4- 6 || total
-------------------------+-------+-------++-------
Melee: Flail             |   125 |   116 ||   241
  Use: Scroll            |     6 |     3 ||     9
       Potion            |     2 |     4 ||     6
  Eat: Chunk             |     1 |     3 ||     4
Armor: Scale mail        |    65 |    25 ||    90
       Chain mail        |       |    42 ||    42
Dodge: Dodged            |    50 |    24 ||    74
Block: Kite shield       |    85 |    61 ||   146
